 Dungeon Crawl Stone Soup version 0.22-a0-422-g9628fc8 (webtiles) character file.

799 4thArraOfDagon the Fighter (level 7, -4/70 HPs)
             Began as a Minotaur Summoner on May 16, 2018.
             Was a Believer of the Shining One.
             Slain by an iguana (10 damage)
             ... on level 8 of the Dungeon.
             The game lasted 00:09:25 (1987 turns).

4thArraOfDagon the Fighter (Minotaur Summoner)      Turns: 1987, Time: 00:09:25

Health: -4/70      AC:  5    Str: 19 (20) XL:     7   Next: 59%
Magic:  8/8        EV: 11    Int: 11 (14) God:    the Shining One [**....]
Gold:   197        SH:  0    Dex:  8 (10) Spells: 7/8 levels left

rFire    . . .     SeeInvis .   s - +1 dagger "Canash" {elec, *Drain +Inv +Fly Str+7}
rCold    . . .     Gourm    .   (no shield)
rNeg     + . .     Faith    .   d - +0 ring mail
rPois    .         Spirit   .   (helmet restricted)
rElec    .         Reflect  .   (no cloak)
rCorr    .         Harm     .   (no gloves)
MR       .....                  (no boots)
Stlth    +.........             h - amulet of magic regeneration
HPRegen  0.21/turn              m - ring of flight
MPRegen  0.36/turn              (no ring)

@: glowing
A: retaliatory headbutt, horns 2
a: Divine Shield, Renounce Religion, Evoke Invisibility, Evoke Flight


You were on level 8 of the Dungeon.
You worshipped the Shining One.
The Shining One was pleased with you.
You were not hungry.

You visited 1 branch of the dungeon, and saw 10 of its levels.

You collected 197 gold pieces.

Inventory:

Hand Weapons
 e - a +0 blowgun
 g - a +0 mace
 q - a +0 flail
 s - the +1 dagger "Canash" (weapon) {elec, *Drain +Inv +Fly Str+7}
   (You found it on level 5 of the Dungeon)

   Occasionally, upon striking a foe, it will discharge some electrical energy
   and cause terrible harm.
   It affects your strength (+7).
   It lets you turn invisible.
   It lets you fly.
   It causes draining when unequipped.
 y - a +0 war axe
Missiles
 j - 5 curare-tipped needles
Armour
 a - a +0 robe
 d - a +0 ring mail (worn)
Magical Staves
 p - an uncursed staff of death {unknown}
 w - an uncursed staff of death {unknown}
Jewellery
 h - an amulet of magic regeneration (around neck)
 m - a ring of flight (left hand)
Wands
 n - a wand of flame (9)
Scrolls
 b - 4 scrolls of magic mapping
 i - 2 scrolls of remove curse
 k - a scroll of amnesia {unknown}
 r - a scroll of fog {unknown}
 u - a scroll of immolation {unknown}
 v - a scroll of noise {unknown}
 x - a scroll of enchant armour {unknown}
Potions
 f - a potion of magic
 o - a potion of degeneration
Comestibles
 c - 6 rations


   Skills:
 + Level 9.5 Fighting
 * Level 1.0 Axes
 - Level 2.1 Dodging
 - Level 1.5 Stealth
 - Level 1.3 Spellcasting
 - Level 2.9 Summonings
 - Level 2.2 Invocations


You had 7 spell levels left.
You knew the following spells:

 Your Spells              Type           Power        Failure   Level  Hunger
a - Summon Small Mammal   Summ           #...         16%         1    ##.....

Your spell library contained the following spells:

 Spells                   Type           Power        Failure   Level  Hunger
 Summon Ice Beast         Ice/Summ       #.......     96%         4    #####..
 Call Imp                 Summ           #.......     24%         2    ###....
 Call Canine Familiar     Summ           #.......     43%         3    ####...
 Summon Lightning Spire   Summ/Air       #.......     96%         4    #####..
 Summon Guardian Golem    Hex/Summ       #.......     65%         3    ####...


Dungeon Overview and Level Annotations

Branches:
Dungeon (10/15)            Temple (0/1) D:4
   Lair: D:8-11         Orc: D:9-12

Altars:
Gozag
Makhleb
Qazlal
Trog
Vehumet
The Shining One

Annotations:
D:6 Dowan, Duvessa


Innate Abilities, Weirdness & Mutations

You reflexively headbutt those who attack you in melee.
You have a pair of horns on your head.


Message History

The hound is almost dead.
The hound barely misses you. The iguana barely misses you.
The hound closely misses you.
Unknown command.
You barely miss the hound. Your headbutt misses the hound.
The hound is almost dead.
The hound misses you. The iguana closely misses you.
Unknown command.
You barely miss the hound.
You headbutt the hound, but do no damage.
The hound is almost dead.
The hound bites you.
* * * LOW HITPOINT WARNING * * *
The iguana barely misses you. The hound closely misses you.
Unknown command.
You hit the hound.
You kill the hound!
Your Axes skill increases to level 1!
The iguana bites you!
You die...

##### #...# #.#.#
#.#.####### #.#.....(.#
##...#.#.#.# #[.....#.#.#
###.##.###.#.##############
#....#.###@#>..............
#.#..#...l.#.##############
#.##########.# #.# #.# #.#
#.# #.##### #?# #.....# #.#
#####.# #.# #.#


You could see an iguana.

Vanquished Creatures
  2 ice beasts (D:6)
  A sky beast (D:9)
  A bullfrog (D:9)
  2 crimson imps
  2 jellies
  An orc wizard (D:4)
  A hound (D:8)
  3 iguanas
  3 worker ants
  A worker ant zombie (D:7)
  6 adders
  A howler monkey skeleton (D:5)
  An ooze (D:5)
  A dart slug (D:2)
  2 leopard geckos
  8 orcs
  4 bats
  5 giant cockroaches
  4 goblins
  2 hobgoblins
  6 jackals
  A kobold (D:3)
  3 quokkas
  A ball python (D:2)
  3 frilled lizards (D:3)
  A jackal zombie (D:5)
  A quokka skeleton (D:9)
  2 rats
69 creatures vanquished.

Notes
Turn   | Place    | Note
-------+----------+-------------------------------------------
     0 | D:1      | 4thArraOfDagon the Minotaur Summoner began the quest for the Orb.
     0 | D:1      | Reached XP level 1. HP: 14/14 MP: 1/1
    34 | D:1      | Thaneod: zartowalem z tym misu:)
    46 | D:1      | Reached skill level 1 in Fighting
   376 | D:2      | Found a bloodstained altar of Trog.
   377 | D:2      | Found a glowing golden altar of the Shining One.
   380 | D:2      | Reached skill level 2 in Fighting
   387 | D:2      | Became a worshipper of the Shining One
   402 | D:2      | Reached XP level 2. HP: 23/24 MP: 3/3
   424 | D:2      | 4thArraOfDagon: no to najwyzszy czas z tym skonczyc :p
   583 | D:3      | Reached skill level 3 in Fighting
   630 | D:3      | Reached XP level 3. HP: 26/31 MP: 4/4
   778 | D:3      | Reached skill level 4 in Fighting
   841 | D:3      | Reached XP level 4. HP: 17/41 MP: 5/5
   883 | D:4      | Reached skill level 5 in Fighting
   950 | D:5      | Entered Level 5 of the Dungeon
   987 | D:5      | Found a burning altar of Makhleb.
   988 | D:5      | Found a radiant altar of Vehumet.
   990 | D:5      | Reached skill level 6 in Fighting
   990 | D:5      | Reached XP level 5. HP: 46/50 MP: 6/6
  1006 | D:4      | Found a staircase to the Ecumenical Temple.
  1011 | D:4      | Reached * piety under the Shining One
  1126 | D:5      | Got a translucent dagger
  1223 | D:4      | Reached skill level 7 in Fighting
  1299 | D:6      | Noticed an ogre
  1330 | D:6      | Noticed an ice beast
  1340 | D:6      | Killed an ice beast
  1340 | D:6      | Reached XP level 6. HP: 23/61 MP: 7/7
  1367 | D:6      | Reached skill level 8 in Fighting
  1374 | D:6      | Thaneod: dagger sprawdz
  1374 | D:6      | Identified the +1 dagger "Canash" {elec, *Drain +Inv +Fly Str+7} (You found it on level 5 of the Dungeon)
  1428 | D:6      | Noticed an ice beast
  1436 | D:6      | Killed an ice beast
  1464 | D:6      | Reached XP level 7. HP: 34/69 MP: 8/8
  1472 | D:6      | Noticed Dowan
  1473 | D:6      | Noticed Duvessa
  1586 | D:7      | 4thArraOfDagon: niemoge dziada zdjac :p
  1616 | D:7      | Reached skill level 9 in Fighting
  1635 | D:7      | Found a stormy altar of Qazlal.
  1638 | D:7      | Thaneod: teraz to lipa
  1693 | D:7      | 4thArraOfDagon: i tak niemam nic lepszego
  1775 | D:9      | Thaneod: nie idziesz w melle?
  1784 | D:9      | Reached skill level 1 in Invocations
  1790 | D:9      | Thaneod: chain mail
  1888 | D:10     | Entered Level 10 of the Dungeon
  1888 | D:10     | Noticed a troll
  1893 | D:9      | Noticed a two-headed ogre
  1896 | D:9      | Reached ** piety under the Shining One
  1902 | D:9      | Noticed a two-headed ogre
  1923 | D:9      | Found an opulent altar of Gozag.
  1953 | D:9      | The Shining One protects you from harm!
  1987 | D:8      | Reached skill level 1 in Axes
  1987 | D:8      | Slain by an iguana

Vault maps used:
D:1:      lightli_iron_boxes
D:2:      gammafunk_temple_overflow_pools, first_ration
D:3:      st_stairs_4, uniq_crazy_yiuf_cottage, uniq_ijyb
D:4:      led_sif_book, minmay_temple_entry_hall
D:5:      lemuel_round_altar, grunt_temple_overflow_lords_of_destruction,
          kennysheep_generic_room_11
D:6:      nrook_uturn, uniq_duvessa, uniq_eustachio, uniq_grinder
D:7:      old_standard_altar, grunt_ogre_cave
D:9:      overflow_temple_1_default, grunt_gozag_breadcrumbs

Skill      XL: |  1  2  3  4  5  6  7 |
---------------+----------------------+-----
Fighting       | 2 3 4 6 7 8 9 |  9.5
Invocations    | 2 |  2.2
Axes           | 1 |  1.0
Dodging        | |  2.1
Stealth        | |  1.5
Spellcasting   | |  1.3
Summonings     | |  2.9

Action                   |  1- 3 |  4- 6 |  7- 9 || total
-------------------------+-------+-------+-------++-------
Melee: Unarmed           |    64 |       |       ||    64
       Headbutt          |    16 |     6 |    11 ||    33
       Mace              |    49 |    14 |       ||    63
       Flail             |       |    32 |       ||    32
       Dagger            |       |    10 |    45 ||    55
 Fire: Blowgun           |     3 |     7 |       ||    10
Evoke: Wand              |       |     6 |     2 ||     8
  Use: Potion            |     3 |       |     3 ||     6
       Scroll            |       |     2 |     4 ||     6
  Eat: Chunk             |       |     2 |       ||     2
       Ration            |       |       |     1 ||     1
Armor: Ring mail         |    39 |    16 |    26 ||    81
       Robe              |     4 |       |       ||     4
Dodge: Dodged            |    71 |    33 |    41 ||   145

Table legend:
 A = Spawn XP
 B = Non-spawn XP
 C = Spawn XP percentage of total XP
 D = Spawn monster count
 E = Non-spawn monster count
 F = Spawn count percentage of total count
 G = Total turns spent on level
                    A         B        C        D         E        F      G
               +---------+---------+-------+---------+---------+-------+---------
         Total |       0 |    1142 |   0.0 |       0 |      69 |   0.0 |  1987
               +---------+---------+-------+---------+---------+-------+---------
           D:1 |       0 |      11 |   0.0 |       0 |       6 |   0.0 |   409
           D:2 |       0 |      15 |   0.0 |       0 |       8 |   0.0 |   204
           D:3 |       0 |      76 |   0.0 |       0 |      17 |   0.0 |   256
           D:4 |       0 |     139 |   0.0 |       0 |      10 |   0.0 |   195
           D:5 |       0 |     115 |   0.0 |       0 |      10 |   0.0 |   243
           D:6 |       0 |     415 |   0.0 |       0 |       6 |   0.0 |   183
           D:7 |       0 |      35 |   0.0 |       0 |       4 |   0.0 |   213
           D:8 |       0 |      80 |   0.0 |       0 |       2 |   0.0 |   102
           D:9 |       0 |     256 |   0.0 |       0 |       6 |   0.0 |   180
               +---------+---------+-------+---------+---------+-------+---------
